AoeStats
← Efthiron

Arabia

505700879Analyzed
1v1 RM · 22d ago on Sep 10, 2026· 39m 44s· 2 players
Game mode
Random Map
Map size
Tiny (2 player)
Population
200
Speed
Normal
Resources
Standard
Victory
Conquest
Starting age
Dark Age
Ending age
Imperial Age
RankedLock teamsTeams togetherTeam positionsShared explorationLock speedFull tech treeHidden civsTurbo modeCheats
Victory
Defeat
🇳🇱 Britons · Netherlands
1275
+16
🇲🇽 Khmer · Mexico
1266
-16
Efthiron
6:53 Loom
10:18 Feudal Age
10:56 Double-Bit Axe
11:18 Horse Collar
18:16 Scale Barding Armor
21:46 Castle Age
20:20 Padded Archer Armor
20:11 Fletching
22:47 Bloodlines
23:35 Chain Barding Armor
24:21 Forging
24:52 Town Watch
25:08 Husbandry
28:47 Forging
31:02 Bow Saw
31:32 Town Patrol
32:07 Wheelbarrow
33:43 Light Cavalry
37:38 Iron Casting
42:11 Imperial Age
[C4LL] Boevjee a.k.a. Borlor
8:33 Loom
10:18 Feudal Age
11:54 Double-Bit Axe
15:27 Fletching
22:46 Castle Age
22:07 Padded Archer Armor
22:14 Scale Barding Armor
22:19 Gold Mining
23:22 Crossbowman
24:58 Wheelbarrow
27:00 Gold Shaft Mining
27:19 Town Watch
32:04 Bodkin Arrow
32:24 Leather Archer Armor
33:50 Ballistics
37:24 Imperial Age
37:42 Chain Barding Armor
37:32 Forging
38:03 Light Cavalry
38:44 Husbandry
39:20 Plate Barding Armor
38:45 Bracer
39:55 Iron Casting
39:51 Ring Archer Armor
40:31 Chemistry
Connection lost

Rejoining the realm…

Still unreachable

The connection could not be restored.

Session expired

The server has moved on; the page needs a fresh start.